 Dungeon Crawl Stone Soup version 0.30.1-4-g462c640d31 (webtiles) character file.

Game seed: 14278851911132118688

55 LynnLen the Sneak (level 3, -1/17 HPs)
             Began as a Spriggan Enchanter on Aug 14, 2023.
             Slain by an adder (2 damage)
             ... on level 2 of the Dungeon.
             The game lasted 00:04:55 (1697 turns).

LynnLen the Sneak (Spriggan Enchanter)              Turns: 1697, Time: 00:04:55

Health: -1/17      AC:  3    Str:  6    XL:     3   Next: 67%
Magic:  3/8        EV: 17    Int: 22    God:
Gold:   112        SH:  0    Dex: 15    Spells: 0/8 levels left

rFire   + . .        a - +1 dagger
rCold   + . .        (no shield)
rNeg    . . .        b - +1 robe
rPois   +            (helmet restricted)
rElec   +            (no cloak)
rCorr   +            (gloves unavailable)
SInv    +            (boots unavailable)
Will    +....        (no amulet)
Stlth   +++          i - +6 ring of intelligence
HPRegen 0.22/turn    f - ring of willpower
MPRegen 0.11/turn

%: no passive effects
@: lethally poisoned (-1 -> -2), resistant, very quick
A: very small, no large weapons, unfitting armour, see invisible, speed 3
a: no special abilities


You were on level 2 of the Dungeon.
You visited 1 branch of the dungeon, and saw 2 of its levels.

You collected 112 gold pieces.

Inventory:

Hand Weapons
 a - a +1 dagger (weapon)
Missiles
 e - 2 poisoned darts
Armour
 b - a +1 robe (worn)
Jewellery
 f - a ring of willpower (right hand)
 i - a +6 ring of intelligence (left hand)
Wands
 d - a wand of charming (11)
Potions
 c - 2 potions of invisibility


   Skills:
 + Level 0.6 Fighting
 + Level 1.5 Short Blades
 + Level 0.2 Throwing
 + Level 3.0 Dodging
 + Level 4.6 Stealth
 * Level 3.4 Spellcasting
 * Level 4.2 Hexes
 * Level 0.5 Ice Magic


You couldn't memorise any spells.
You knew the following spells:

 Your Spells              Type           Power      Damage    Failure   Level
a - Ensorcelled Hibernat  Hex/Ice        28%        N/A       7%          2
b - Confusing Touch       Hex            22%        N/A       6%          3
c - Tukima's Dance        Hex            22%        N/A       6%          3

Your spell library contained the following spells:

 Spells                   Type           Power      Damage    Failure   Level
 Dazzling Flash           Conj/Hex       26%        N/A       16%         3


Dungeon Overview and Level Annotations

Branches:
Dungeon (2/15)

Altars:


Innate Abilities, Weirdness & Mutations

You are very small and have problems with some larger weapons.
You are too small for most types of armour.
You have supernaturally acute eyesight. (SInv)
You cover ground extremely quickly. (Speed+++)


Message History

The jackal is heavily wounded.
The jackal bites you but does no damage.
You hit the jackal but do no damage.
The jackal is heavily wounded.
The jackal misses you.
You barely miss the jackal.
The jackal is moderately wounded.
The jackal closely misses you. The jackal misses you.
You closely miss the jackal.
The jackal is moderately wounded.
The jackal misses you.
You hit the jackal.
The jackal is almost dead.
The jackal closely misses you.
You hit the jackal.
You kill the jackal!
The adder misses you. The adder bites you.
You are poisoned.
The adder poisons you!
A jackal comes into view.
* * * LOW HITPOINT WARNING * * *
You feel sick.
The jackal barks!
* * * LOW HITPOINT WARNING * * *
You feel sick.
Found 13 gold pieces.
* * * LOW HITPOINT WARNING * * *
You feel sick. The jackal misses you.
It was a potion of resistance.
You feel protected.
* * * LOW HITPOINT WARNING * * *
You feel sick. The jackal bites you.
* * * LOW HITPOINT WARNING * * *
Unknown command.
You aren't carrying any scrolls.
You closely miss the jackal.
* * * LOW HITPOINT WARNING * * *
You feel sick. The jackal barely misses you. The adder bites you.
You die...

## # ####.# #..#
.#. ..#.###..# #
#.# #...#....#
#.#.##.###
#..##.#.##
#........#
#..#....#
###.##.#.#
#...>.#.#
#.#.#####..#.#..#
#S#..†.....#..#.#
#@#######.##.##.#
#h# #.##.##.# #.#
#S##.##.#
#.##.#######.##.#
.# #.......)S...#
.# #.##..########
#.. ..$.# .#


You could see an adder and a jackal.

Vanquished Creatures
  A gnoll (D:2)
  A worm (D:2)
  2 dart slugs (D:1)
  2 endoplasms (D:1)
  2 giant cockroaches
  6 goblins
  2 hobgoblins (D:1)
  3 jackals (D:2)
  3 quokkas (D:1)
  3 ball pythons (D:1)
  2 bats (D:1)
  2 frilled lizards (D:1)
  4 kobolds
  4 rats
37 creatures vanquished.

Notes
Turn   | Place    | Note
-------+----------+-------------------------------------------
     0 | D:1      | LynnLen the Spriggan Enchanter began the quest for the Orb.
     0 | D:1      | Reached XP level 1. HP: 9/9 MP: 5/5
   202 | D:1      | Reached XP level 2. HP: 13/13 MP: 7/7
   206 | D:1      | Learned a level 2 spell: Ensorcelled Hibernation
   971 | D:1      | Reached XP level 3. HP: 17/17 MP: 8/8
   975 | D:1      | Learned a level 3 spell: Confusing Touch
   979 | D:1      | Learned a level 3 spell: Tukima's Dance
  1697 | D:2      | Slain by an adder

Illustrated notes

Levels and vault maps discovered:
D:1:      amcnicky_arrival_gap_in_the_tavern_cellar, layout_basic,
          chequers_serial_rivers_marsh, minmay_tiny_reverse_x
D:2:      layout_loops_ring, basic_altar, uniq_sigmund, uniq_natasha

Skill      XL: |  1  2  3 |
---------------+----------+-----
Spellcasting   | 3 |  3.4
Hexes          | 4 |  4.2
Dodging        | 3 |  3.0
Fighting       | |  0.6
Short Blades   | |  1.5
Throwing       | |  0.2
Stealth        | |  4.6
Ice Magic      | |  0.5

Action                     || total
---------------------------++-------
  Melee: Dagger            ||   102
         Punch             ||     1
   Cast: Ensorcelled Hiber ||    16
    Use: Scroll            ||     3
         Potion            ||     1
   Stab: Sleeping          ||    24
 Armour: Robe              ||     5
  Dodge: Dodged            ||    64
